 Dungeon Crawl Stone Soup version 0.32-a0-872-g59262bdc9b (webtiles) character file.

Game seed: 15143386946153972203

55 601d51SH the Prestidigitator (level 3, -1/26 HPs)
             Began as a Gnoll Wanderer on Mar 31, 2024.
             Slain by Jessica
             ... wielding a +0 dagger
              (3 damage)
             ... on level 2 of the Dungeon.
             The game lasted 00:04:37 (1380 turns).

601d51SH the Prestidigitator (Gnoll Wanderer)       Turns: 1380, Time: 00:04:38

Health: -1/26      AC:  6    Str: 12    XL:     3   Next: 93%
Magic:  5/5        EV:  9    Int: 12    God:
Gold:   84         SH:  0    Dex: 11    Spells: 4/4 levels left

rFire   . . .        a - +0 hand axe
rCold   . . .        (no shield)
rNeg    . . .        g - +0 ring mail
rPois   .            (no helmet)
rElec   .            k - +0 cloak
rCorr   .            (no gloves)
SInv    .            (no boots)
Will    .....        (no amulet)
Stlth   +            (no ring)
HPRegen 0.24/turn    (no ring)
MPRegen 0.09/turn

%: no passive effects
@: no status effects
A: fangs 1, strong nose, distributed training
a: no special abilities


You were on level 2 of the Dungeon.
You visited 1 branch of the dungeon, and saw 2 of its levels.

You collected 84 gold pieces.

Inventory:

Hand Weapons
 a - a +0 hand axe (weapon)
 d - a +0 dagger
 i - a +0 sling
Missiles
 c - 13 poisoned darts (quivered)
Armour
 f - a +0 robe
 g - a +0 ring mail (worn)
 h - a +0 leather armour
 k - a +0 cloak (worn)
 m - a +0 plate armour
Wands
 b - a wand of warping (15)
 o - a wand of digging (8)
Scrolls
 e - 2 scrolls of fog
 l - 2 scrolls of blinking {unknown}
 n - a scroll of teleportation {unknown}
Potions
 j - a potion of curing {unknown}


   Skills:
 + Level 1.0 Fighting
 + Level 1.0 Short Blades
 + Level 1.0 Long Blades
 + Level 2.7 Axes
 + Level 1.0 Maces & Flails
 + Level 1.0 Polearms
 + Level 1.0 Staves
 + Level 1.0 Ranged Weapons
 + Level 6.5 Throwing
 + Level 1.0 Armour
 + Level 1.0 Dodging
 + Level 1.0 Stealth
 + Level 1.0 Shields
 + Level 1.0 Unarmed Combat
 + Level 1.0 Spellcasting
 + Level 0.7 Conjurations
 + Level 0.7 Hexes
 + Level 0.7 Summonings
 + Level 0.7 Necromancy
 + Level 0.7 Translocations
 + Level 0.7 Fire Magic
 + Level 0.7 Ice Magic
 + Level 0.7 Air Magic
 + Level 0.7 Earth Magic
 + Level 0.7 Alchemy
 + Level 2.7 Invocations
 + Level 10.4 Evocations
 + Level 0.9 Shapeshifting


You had 4 spell levels left.
You didn't know any spells.
Your spell library was empty.

Dungeon Overview and Level Annotations

Branches:
Dungeon (2/15)

Altars:

Annotations:
D:2 Jessica


Innate Abilities, Weirdness & Mutations

You have very sharp teeth.
Your uncanny sense of smell can sniff out nearby items.
Your experience applies equally to all skills.


Message History

The adder bites you.
You miss the adder.
The adder is severely wounded.
The adder closely misses you. x2
You hit the adder.
You kill the adder!
Jessica the Apprentice Sorceress comes into view.
She is wielding a +0 dagger.
Jessica shouts!
You hit Jessica. You bite Jessica.
Jessica is moderately wounded.
Jessica casts a spell at you. Pain shoots through your body!
You closely miss Jessica.
Jessica is moderately wounded.
Jessica mumbles some strange words.
Jessica blinks!
Jessica hits you with a +0 dagger.
You hit Jessica.
Jessica is heavily wounded.
Jessica hits you with a +0 dagger.
You barely miss Jessica.
Jessica is heavily wounded.
Jessica hits you with a +0 dagger.
* * * LOW HITPOINT WARNING * * *
You closely miss Jessica.
Jessica is heavily wounded.
Jessica misses you. Jessica casts a spell at you. You resist with some effort.
You barely miss Jessica.
Jessica is heavily wounded.
Jessica hits you with a +0 dagger.
* * * LOW HITPOINT WARNING * * *
You hit Jessica.
Jessica is almost dead.
Jessica closely misses you.
You barely miss Jessica.
Jessica is severely wounded.
Jessica hits you with a +0 dagger.
You die...

#### ##...##
##.....## #.......#
#.......# #.......
##.....## #.......#
... #....@..#####
... #...@.......# #.
##.....####.## #
##....####..#### ###
####.##.......####..
#.#..............
#............###.
#.............#
#.............#


You could see Jessica.

Vanquished Creatures
  An adder (D:2)
  5 ball pythons (D:1)
  6 endoplasms
  6 giant cockroaches
  6 goblins
  2 hobgoblins
  5 kobolds (D:1)
  2 quokkas
  A bat (D:1)
  4 frilled lizards
  A rat (D:2)
39 creatures vanquished.

Notes
Turn   | Place    | Note
-------+----------+-------------------------------------------
     0 | D:1      | Reached skill level 10 in Evocations
     0 | D:1      | 601d51SH the Gnoll Wanderer began the quest for the Orb.
     0 | D:1      | 601d51SH set off with the following items: a +0 hand axe, a
                  | wand of warping (15), 13 poisoned darts, a +0 dagger, a
                  | scroll of fog, a +0 robe.
     0 | D:1      | Reached XP level 1. HP: 13/13 MP: 2/2
   156 | D:1      | Reached XP level 2. HP: 17/19 MP: 3/3
   267 | D:1      | Found a faded altar of an unknown god.
   539 | D:1      | HP: 1/20 [kobold/+0 club (4)]
   804 | D:1      | Reached XP level 3. HP: 25/25 MP: 4/4
  1307 | D:2      | Reached skill level 1 in Fighting
  1307 | D:2      | Reached skill level 1 in Short Blades
  1307 | D:2      | Reached skill level 1 in Long Blades
  1307 | D:2      | Reached skill level 1 in Maces & Flails
  1307 | D:2      | Reached skill level 1 in Polearms
  1307 | D:2      | Reached skill level 1 in Staves
  1307 | D:2      | Reached skill level 1 in Ranged Weapons
  1307 | D:2      | Reached skill level 1 in Armour
  1307 | D:2      | Reached skill level 1 in Dodging
  1307 | D:2      | Reached skill level 1 in Stealth
  1307 | D:2      | Reached skill level 1 in Shields
  1307 | D:2      | Reached skill level 1 in Unarmed Combat
  1307 | D:2      | Reached skill level 1 in Spellcasting
  1371 | D:2      | Noticed Jessica
  1380 | D:2      | Slain by Jessica

Illustrated notes

Levels and vault maps discovered:
D:1:      dpeg_arrival_pond, layout_loops_corners,
          shapermc_ecumenical_altar_mp_vishouse
D:2:      layout_rooms, uniq_jessica

Skill      XL: |  1  2  3 |
---------------+----------+-----
Evocations     | | 10.4
Fighting       | 1 |  1.0
Short Blades   | 1 |  1.0
Long Blades    | 1 |  1.0
Maces & Flails | 1 |  1.0
Polearms       | 1 |  1.0
Staves         | 1 |  1.0
Ranged Weapons | 1 |  1.0
Armour         | 1 |  1.0
Dodging        | 1 |  1.0
Stealth        | 1 |  1.0
Shields        | 1 |  1.0
Unarmed Combat | 1 |  1.0
Spellcasting   | 1 |  1.0
Axes           | |  2.7
Throwing       | |  6.5
Conjurations   | |  0.7
Hexes          | |  0.7
Summonings     | |  0.7
Necromancy     | |  0.7
Translocations | |  0.7
Fire Magic     | |  0.7
Ice Magic      | |  0.7
Air Magic      | |  0.7
Earth Magic    | |  0.7
Alchemy        | |  0.7
Invocations    | |  2.7
Shapeshifting  | |  0.9

Action                     || total
---------------------------++-------
  Melee: Hand axe          ||   139
         Bite              ||    10
 Armour: Ring mail         ||   144
  Dodge: Dodged            ||    72

Table legend: (Time is in decaauts)
 A = Elapsed time spent in this place.
 B = Non-inter-level travel time spent in this place.
 C = Inter-level travel time spent in this place.
 D = Time resting spent in this place.
 E = Time spent auto-exploring this place.
 F = Levels seen in this place.
 G = Mean time per level.
                   A        B        C        D        E       F      G
               +--------+--------+--------+--------+--------+-----+--------+
         Total |   1403 |   1358 |     45 |    100 |    830 |   2 |  701.5 |
       Dungeon |   1403 |   1358 |     45 |    100 |    830 |   2 |  701.5 |
               +--------+--------+--------+--------+--------+-----+--------+

Top non-repeatable levels by time:
     D:1: 1169 daAuts
     D:2: 234 daAuts
